BSA
EL DORADO OILERS @ AUSTIN RIVER SHARKS
04/16/2028
 
TOP OF THE 1ST
El Dorado Oilers batting - Pitching for Austin River Sharks : RHP Troy Lynn
Pitching: RHP Troy Lynn
Batting: RHB Nick Webb 0-0: Ball
1-0: Fly out, F9 (Flyball, 9)
Batting: LHB Ashley Pickhills 0-0: Ground out U3 (Groundball, 3L)
Batting: LHB Tony Abete 0-0: Ball
1-0: Ball
2-0: Ball
3-0: Called Strike
3-1: Foul Ball, location: 2F
3-2: SINGLE (Flyball, 6MD)
Batting: RHB Valentín Borges 0-0: Ground out 5-3 (Groundball, 56S)
Top of the 1st over - 0 run(s), 1 hit(s), 0 error(s), 1 left on base; El Dorado 0 - Austin 0
BOTTOM OF THE 1ST
Austin River Sharks batting - Pitching for El Dorado Oilers : RHP Manuel Romero
Pitching: RHP Manuel Romero
Batting: LHB Enrico Vargas 0-0: Ball
1-0: Ball
2-0: Ball
3-0: Called Strike
3-1: Ground out U3 (Groundball, 34)
Batting: RHB Richard Coker 0-0: Called Strike
0-1: Foul Ball, location: 2F
0-2: Ball
1-2: Ball
2-2: Ball
3-2: SINGLE (Flyball, 8RS)
Batting: LHB Greg Nelson 0-0: Called Strike
0-1: Ball
1-1: Ball
2-1: Ball
3-1: Swinging Strike
3-2: SINGLE (Groundball, 4D)
Richard Coker to second
Runner from 2nd tries for 3rd, SAFE, throw made to third
Batting: RHB Manny Copriviza 0-0: Called Strike
0-1: Foul Ball, location: 2F
0-2: Ball
1-2: Fly out, F9 (Flyball, 9S)
Batting: RHB Carlos Guzmán 0-0: Called Strike
0-1: Ball
1-1: Ground out 5-3 (Groundball, 25)
Bottom of the 1st over - 0 run(s), 2 hit(s), 0 error(s), 2 left on base; El Dorado 0 - Austin 0
TOP OF THE 2ND
El Dorado Oilers batting - Pitching for Austin River Sharks : RHP Troy Lynn
Batting: LHB José Hernández 0-0: Ball
1-0: Swinging Strike
1-1: Ground out 4-3 (Groundball, 34)
Batting: RHB Sixto Vélez 0-0: Ball
1-0: SINGLE (Groundball, 6MD)
Batting: LHB José Martínez 0-0: Swinging Strike
0-1: Ball
1-1: Ball
2-1: Swinging Strike
2-2: Fly out, F7 (Flyball, 7LM)
Batting: RHB José Carlos Caraballo 0-0: Ball
1-0: Ball
2-0: Foul Ball, location: 2F
2-1: Foul Ball, location: 2F
2-2: Foul Ball, location: 2F
2-2: Fielders Choice at 2nd, 4-6 (Groundball, 4)
Top of the 2nd over - 0 run(s), 1 hit(s), 0 error(s), 0 left on base; El Dorado 0 - Austin 0
BOTTOM OF THE 2ND
Austin River Sharks batting - Pitching for El Dorado Oilers : RHP Manuel Romero
Batting: RHB Todd Bryant 0-0: Ball
1-0: Ball
2-0: Foul Ball, location: 2F
2-1: Foul Ball, location: 2F
2-2: Foul Ball, location: 2F
2-2: SINGLE (Groundball, 56D)
Batting: LHB José Liñares 0-0: Ball
Todd Bryant steals 2nd base
1-0: Ball
2-0: Ground out 4-3 (Groundball, 4M)
Todd Bryant to third
Batting: RHB Eric Neal 0-0: Ball
1-0: Ball
2-0: Foul Ball, location: 2F
2-1: Ball
3-1: Base on Balls
Batting: RHB Teddy Bates 0-0: Called Strike
0-1: Ball
1-1: Ball
2-1: Ball
3-1: Grounds into double play, 5-4-3 (Groundball, 56)
Bottom of the 2nd over - 0 run(s), 1 hit(s), 0 error(s), 1 left on base; El Dorado 0 - Austin 0
TOP OF THE 3RD
El Dorado Oilers batting - Pitching for Austin River Sharks : RHP Troy Lynn
Batting: RHB Chris Parker 0-0: Ball
1-0: Fly out, F7 (Flyball, 7)
Batting: RHB Nick Webb 0-0: Ball
1-0: Swinging Strike
1-1: Ground out 4-3 (Groundball, 4)
Batting: LHB Ashley Pickhills 0-0: Ground out 4-3 (Groundball, 4)
Top of the 3rd over - 0 run(s), 0 hit(s), 0 error(s), 0 left on base; El Dorado 0 - Austin 0
BOTTOM OF THE 3RD
Austin River Sharks batting - Pitching for El Dorado Oilers : RHP Manuel Romero
Batting: LHB Enrico Vargas 0-0: Ball
1-0: Fly out, F4 (Line Drive, 34)
Batting: RHB Richard Coker 0-0: SINGLE (Groundball, 56S) (infield hit)
Batting: LHB Greg Nelson 0-0: Called Strike
0-1: Swinging Strike
0-2: Foul Ball, location: 2F
0-2: Fly out, F8 (Line Drive, 8RXD)
Batting: RHB Manny Copriviza 0-0: Called Strike
0-1: Ball
1-1: Called Strike
1-2: Strikes out swinging
Bottom of the 3rd over - 0 run(s), 1 hit(s), 0 error(s), 1 left on base; El Dorado 0 - Austin 0
TOP OF THE 4TH
El Dorado Oilers batting - Pitching for Austin River Sharks : RHP Troy Lynn
Batting: LHB Tony Abete 0-0: Foul Ball, location: 2F
0-1: Swinging Strike
0-2: Strikes out swinging
Batting: RHB Valentín Borges 0-0: Called Strike
0-1: Ground out 4-3 (Groundball, 4)
Batting: LHB José Hernández 0-0: Called Strike
0-1: Ball
1-1: Called Strike
1-2: Ball
2-2: Foul Ball, location: 2F
2-2: Fly out, F9 (Flyball, 89M)
Top of the 4th over - 0 run(s), 0 hit(s), 0 error(s), 0 left on base; El Dorado 0 - Austin 0
BOTTOM OF THE 4TH
Austin River Sharks batting - Pitching for El Dorado Oilers : RHP Manuel Romero
Batting: RHB Carlos Guzmán 0-0: SINGLE (Line Drive, 34D)
Batting: RHB Todd Bryant 0-0: Ball
1-0: Ball
2-0: Ball
3-0: Called Strike
3-1: Foul Ball, location: 2F
3-2: Fly out, F8 (Flyball, 8LS)
Batting: LHB José Liñares 0-0: Ball
1-0: Foul Ball, location: 2F
1-1: 2-RUN HOME RUN (Flyball, 9LD), Distance : 368 ft
Batting: RHB Eric Neal 0-0: Ball
1-0: Ball
2-0: Swinging Strike
2-1: Ball
3-1: Ground out 6-3 (Groundball, 6)
Batting: RHB Teddy Bates 0-0: Ball
1-0: Swinging Strike
1-1: Swinging Strike
1-2: Strikes out swinging
Bottom of the 4th over - 2 run(s), 2 hit(s), 0 error(s), 0 left on base; El Dorado 0 - Austin 2
TOP OF THE 5TH
El Dorado Oilers batting - Pitching for Austin River Sharks : RHP Troy Lynn
Batting: RHB Sixto Vélez 0-0: Called Strike
0-1: Ball
1-1: Ball
2-1: DOUBLE (Line Drive, 7D)
Batting: LHB José Martínez 0-0: SINGLE (Flyball, 8LM)
Sixto Vélez to third
Batting: RHB José Carlos Caraballo 0-0: Ball
1-0: Ball
2-0: SINGLE (Line Drive, 89S)
Sixto Vélez scores
José Martínez to second
Runner from 2nd tries for 3rd, SAFE, throw made to third
Pinch Runner at 3rd José Montoya:
Batting: RHB Chris Parker 0-0: Ground out 4-3 (Groundball, 4)
José Carlos Caraballo to second
Batting: RHB Nick Webb 0-0: Ball
1-0: Swinging Strike
1-1: Ball
2-1: Ball
3-1: Swinging Strike
3-2: Foul Ball, location: 2F
3-2: SINGLE (Line Drive, 56D)
José Montoya scores
José Carlos Caraballo to third
Runner from 3rd tries for Home, SAFE, no throw
Batting: LHB Ashley Pickhills 0-0: Ball
1-0: Ball
2-0: SINGLE (Line Drive, 8LS)
Nick Webb to second
Batting: LHB Tony Abete 0-0: Ball
1-0: Ball
2-0: Foul Ball, location: 2F
2-1: Foul Ball, location: 2F
2-2: Ball
3-2: Grounds out, U3 (Groundball, 3L)
Nick Webb to third
Batting: RHB Valentín Borges 0-0: Foul Ball, location: 2F
0-1: Ball
1-1: Ball
2-1: Ball
3-1: Called Strike
3-2: Foul Ball, location: 2F
3-2: SINGLE (Groundball, 34D)
Nick Webb scores
Ashley Pickhills to third
Ashley Pickhills scores
Pitching: RHP Tatsuzo Harada
Batting: LHB José Hernández 0-0: Called Strike
0-1: SINGLE (Line Drive, 89M)
Valentín Borges to second
Batting: RHB Sixto Vélez 0-0: Foul Ball, location: 2F
0-1: Ground out 5-3 (Groundball, 56S)
Top of the 5th over - 5 run(s), 7 hit(s), 0 error(s), 2 left on base; El Dorado 5 - Austin 2
BOTTOM OF THE 5TH
Austin River Sharks batting - Pitching for El Dorado Oilers : RHP Manuel Romero
Now at 3B: José Montoya
Batting: LHB Enrico Vargas 0-0: Called Strike
0-1: Ball
1-1: Called Strike
1-2: Ground out U3 (Groundball, 34)
Batting: RHB Richard Coker 0-0: Called Strike
0-1: Ball
1-1: Foul Ball, location: 2F
1-2: Ball
2-2: Ball
3-2: Foul Ball, location: 2F
3-2: Base on Balls
Batting: LHB Greg Nelson 0-0: Ball
1-0: Ball
2-0: Foul Ball, location: 2F
2-1: Foul Ball, location: 2F
2-2: Ground out 3-1 (Groundball, 34S)
Richard Coker to second
Batting: RHB Manny Copriviza 0-0: TRIPLE (Line Drive, 89M)
Richard Coker scores
Batting: RHB Carlos Guzmán 0-0: Called Strike
0-1: Foul Ball, location: 2F
0-2: Ball
1-2: DOUBLE (Flyball, 9D)
Manny Copriviza scores
Batting: RHB Todd Bryant 0-0: Fly out, F8 (Flyball, 8RS)
Bottom of the 5th over - 2 run(s), 2 hit(s), 0 error(s), 1 left on base; El Dorado 5 - Austin 4
TOP OF THE 6TH
El Dorado Oilers batting - Pitching for Austin River Sharks : RHP Tatsuzo Harada
Batting: RHB José Montoya 0-0: SINGLE (Groundball, 34D)
Batting: RHB José Carlos Caraballo 0-0: Ball
1-0: Ball
2-0: Ball
3-0: Called Strike
3-1: Base on Balls
José Montoya to second
Batting: RHB Chris Parker 0-0: Ball
1-0: Ball
2-0: Called Strike
2-1: Ball
3-1: Fielders Choice at 2nd, 4-6 (Groundball, 4)
José Montoya to third
Batting: RHB Nick Webb 0-0: Ball
1-0: Fielders Choice at 2nd, 1-6 (Groundball, 13S)
Batting: LHB Ashley Pickhills 0-0: Ball
1-0: Fly out, F9 (Flyball, 89M)
Top of the 6th over - 0 run(s), 1 hit(s), 0 error(s), 2 left on base; El Dorado 5 - Austin 4
BOTTOM OF THE 6TH
Austin River Sharks batting - Pitching for El Dorado Oilers : RHP Manuel Romero
Pitching: RHP Ken Lyons
Batting: LHB José Liñares 0-0: Foul Ball, location: 2F
0-1: Ball
1-1: Ball
2-1: Ball
3-1: SOLO HOME RUN (Flyball, 9D), Distance : 389 ft
Batting: RHB Eric Neal 0-0: Called Strike
0-1: Foul Ball, location: 2F
0-2: Ball
1-2: Ball
2-2: SINGLE (Line Drive, 56)
Batting: RHB Teddy Bates 0-0: Ball
1-0: Called Strike
1-1: SINGLE (Groundball, 56D)
Eric Neal to second
Batting: LHB Enrico Vargas 0-0: Called Strike
0-1: Ground out U3 (Groundball, 3S)
Eric Neal to third
Teddy Bates to second
Batting: RHB Richard Coker 0-0: Ball
1-0: Called Strike
1-1: Foul Ball, location: 2F
1-2: Ground out 6-3 (Groundball, 6)
Batting: LHB Greg Nelson 0-0: Fly out, F8 (Flyball, 8RS)
Bottom of the 6th over - 1 run(s), 3 hit(s), 0 error(s), 2 left on base; El Dorado 5 - Austin 5
TOP OF THE 7TH
El Dorado Oilers batting - Pitching for Austin River Sharks : RHP Tatsuzo Harada
Pitching: LHP António Bueno
Batting: LHB Tony Abete 0-0: Ball
1-0: Called Strike
1-1: Ball
2-1: Foul Ball, location: 2F
2-2: Ball
3-2: Foul Ball, location: 2F
3-2: Strikes out looking
Batting: RHB Valentín Borges 0-0: Called Strike
0-1: Ball
1-1: Foul Ball, location: 2F
1-2: Foul Ball, location: 2F
1-2: DOUBLE (Groundball, 5L)
Pitching: RHP Jean Burrows
Batting: LHB José Hernández 0-0: Intentional Walk
Batting: RHB Sixto Vélez 0-0: Ball
1-0: Ball
2-0: Called Strike
2-1: Ball
3-1: Base on Balls
Valentín Borges to third
José Hernández to second
Batting: RHB José Montoya 0-0: Fly out, F7 (Flyball, 7)
Runner from 3rd tags up, SCORES, throw made
Batting: RHB José Carlos Caraballo 0-0: Called Strike
0-1: Called Strike
0-2: Fielders Choice at 2nd, 4-6 (Groundball, 4)
Top of the 7th over - 1 run(s), 1 hit(s), 0 error(s), 1 left on base; El Dorado 6 - Austin 5
BOTTOM OF THE 7TH
Austin River Sharks batting - Pitching for El Dorado Oilers : RHP Ken Lyons
Batting: RHB Manny Copriviza 0-0: Called Strike
0-1: Foul Ball, location: 2F
0-2: Foul Ball, location: 2F
0-2: Ball
1-2: Foul Ball, location: 2F
1-2: Foul Ball, location: 2F
1-2: Foul Ball, location: 2F
1-2: Ground out 6-3 (Groundball, 6)
Batting: RHB Carlos Guzmán 0-0: Called Strike
0-1: Ground out 4-3 (Groundball, 4)
Batting: RHB Todd Bryant 0-0: Called Strike
0-1: Fly out, F8 (Flyball, 8RD)
Bottom of the 7th over - 0 run(s), 0 hit(s), 0 error(s), 0 left on base; El Dorado 6 - Austin 5
TOP OF THE 8TH
El Dorado Oilers batting - Pitching for Austin River Sharks : RHP Jean Burrows
Batting: RHB Chris Parker 0-0: DOUBLE (Line Drive, 78S)
Batting: RHB Nick Webb 0-0: Called Strike
0-1: Fly out, F8 (Line Drive, 89XD)
Runner from 2nd tags up, SAFE at 3rd, no throw
Batting: LHB Ashley Pickhills 0-0: Ball
1-0: Called Strike
1-1: Ball
2-1: Ball
3-1: Swinging Strike
3-2: Ground out U3 (Groundball, 34)
Batting: LHB Tony Abete 0-0: Ball
1-0: Called Strike
1-1: Called Strike
1-2: Foul Ball, location: 2F
1-2: Strikes out looking
Top of the 8th over - 0 run(s), 1 hit(s), 0 error(s), 1 left on base; El Dorado 6 - Austin 5
BOTTOM OF THE 8TH
Austin River Sharks batting - Pitching for El Dorado Oilers : RHP Ken Lyons
Pitching: RHP Mitch Brown
Batting: LHB José Liñares 0-0: Ball
1-0: Ball
2-0: Foul Ball, location: 2F
2-1: Foul Ball, location: 2F
2-2: Ground out U3 (Groundball, 3)
Batting: RHB Eric Neal 0-0: Ball
1-0: SINGLE (Flyball, 9S)
Batting: RHB Teddy Bates 0-0: Called Strike
0-1: Ball
1-1: Grounds into double play, 6-4-3 (Groundball, 6)
Bottom of the 8th over - 0 run(s), 1 hit(s), 0 error(s), 0 left on base; El Dorado 6 - Austin 5
TOP OF THE 9TH
El Dorado Oilers batting - Pitching for Austin River Sharks : RHP Jean Burrows
Batting: RHB Valentín Borges 0-0: Ball
1-0: SINGLE (Line Drive, 7LS)
Batting: LHB José Hernández 0-0: Called Strike
0-1: Foul Ball, location: 2F
0-2: Strikes out swinging
Batting: RHB Sixto Vélez 0-0: Foul Ball, location: 2F
0-1: Ball
1-1: Ball
2-1: SINGLE (Groundball, 34D)
Valentín Borges to second
Runner from 2nd tries for 3rd, SAFE, throw made to third
Pitching: RHP Josh Graham
Batting: RHB José Montoya 0-0: Bunted foul
0-1: Foul Ball, location: 2F
0-2: Ball
1-2: Ground out 5-3 (Groundball, 56)
Sixto Vélez to second
Batting: RHB José Carlos Caraballo 0-0: Ball
1-0: Called Strike
1-1: Foul Ball, location: 2F
1-2: Ball
2-2: Ball
3-2: Foul Ball, location: 2F
3-2: Strikes out swinging
Top of the 9th over - 0 run(s), 2 hit(s), 0 error(s), 2 left on base; El Dorado 6 - Austin 5
BOTTOM OF THE 9TH
Austin River Sharks batting - Pitching for El Dorado Oilers : RHP Mitch Brown
Pitching: RHP Kuang-yin Yue
Batting: LHB Enrico Vargas 0-0: Ball
1-0: Foul Ball, location: 2F
1-1: Swinging Strike
1-2: Strikes out swinging
Batting: RHB Richard Coker 0-0: Swinging Strike
0-1: Foul Ball, location: 2F
0-2: Ball
1-2: Strikes out swinging
Batting: LHB Greg Nelson 0-0: Ball
1-0: Called Strike
1-1: Swinging Strike
1-2: Strikes out swinging
Bottom of the 9th over - 0 run(s), 0 hit(s), 0 error(s), 0 left on base; El Dorado 6 - Austin 5
Tuesday, August 8th, 2017 - OOTP Baseball 17.12 Build 75